 Dungeon Crawl Stone Soup version 0.27.0-1-g7a089689b8 (webtiles) character file.

Game seed: 7195646941028104581

240 SnakkuSnakku7 the Bolt Thrower (level 5, -1/38 HPs)
             Began as a Vampire Hunter on Aug 4, 2021.
             Slain by an ogre (18 damage)
             ... on level 3 of the Dungeon.
             The game lasted 00:02:50 (1811 turns).

SnakkuSnakku7 the Bolt Thrower (Vampire Hunter)     Turns: 1811, Time: 00:02:51

Health: -1/38      AC:  9    Str: 12    XL:     5   Next: 79%
Magic:  5/5        EV: 12    Int: 13    God:
Gold:   110        SH:  0    Dex: 15    Spells: 4/4 levels left

rFire    . . .     SeeInvis +   b - +2 short sword (drain)
rCold    . . .     Faith    .   (no shield)
rNeg     . . .     Spirit   .   n - +2 robe {Will+}
rPois    .         Reflect  .   (no helmet)
rElec    .         Harm     .   (no cloak)
rCorr    .         Rampage  .   m - +0 pair of gloves
Will     +....                  (no boots)
Stlth    ++........             (no amulet)
HPRegen  0.32/turn              j - +4 ring of protection
MPRegen  0.09/turn              (no ring)

@: healing quickly
A: alive, fangs 3, see invisible, vampiric 2
a: Exsanguinate


You were on level 3 of the Dungeon.
You visited 1 branch of the dungeon, and saw 3 of its levels.

You collected 110 gold pieces.

Inventory:

Hand Weapons
 a - a +1 hand crossbow
 b - a +2 short sword of draining (weapon)
Missiles
 d - 18 bolts
 f - 24 poisoned darts (quivered)
Armour
 m - a +0 pair of gloves (worn)
 n - a +2 robe of willpower (worn)
Jewellery
 j - a +4 ring of protection (left hand)
Scrolls
 c - a scroll of teleportation {unknown}
 e - 5 scrolls of identify {unknown}
 i - a scroll of fear {unknown}
 l - 2 scrolls of immolation {unknown}
Potions
 g - 2 potions of might {unknown}
 h - a potion of heal wounds {unknown}
 k - 2 potions of degeneration {unknown}


   Skills:
 - Level 1.7 Fighting
 + Level 5.9 Crossbows
 - Level 2.1 Dodging
 - Level 1.5 Stealth


You had 4 spell levels left.
You didn't know any spells.
Your spell library contained the following spells:

 Spells                   Type           Power      Damage    Failure   Level
 Animate Skeleton         Necr           0%         N/A       30%         1
 Apportation              Tloc           0%         N/A       30%         1
 Corona                   Hex            0%         N/A       30%         1
 Summon Small Mammal      Summ           0%         N/A       30%         1


Dungeon Overview and Level Annotations

Branches:
Dungeon (3/15)

Altars:
Wu Jian


Innate Abilities, Weirdness & Mutations

Your natural rate of healing is accelerated.
You have razor-sharp teeth.
You have supernaturally acute eyesight. (SInv)
You are afflicted with vampirism and can become a bat while bloodless.


Message History

You hit the goblin.
You kill the goblin!
Things that are here:
a +0 dagger; a +0 hunting sling; 22 stones
Found 19 sling bullets.
A kobold comes into view. It is wielding a +2 dagger of venom.
A kobold is nearby!
The kobold shouts!
A goblin comes into view. It is wielding a +0 club.
The kobold throws a stone.
The stone hits you. The kobold hits you but does no damage.
You closely miss the kobold.
The goblin shouts!
You bite the kobold.
The kobold is severely wounded.
The kobold barely misses you.
You hit the kobold.
You kill the kobold!
You barely miss the goblin. The goblin hits you but does no damage.
You closely miss the goblin. Your bite misses the goblin.
The goblin hits you with a +0 club.
You barely miss the goblin. You bite the goblin, but do no damage.
The goblin barely misses you.
You hit the goblin. You drain the goblin.
You kill the goblin!
You see here a +0 club.
Things that are here:
a +2 dagger of venom; 2 stones; a kobold corpse HP restored.
Found 12 sling bullets.
Found an escape hatch in the ceiling.
You see here 12 sling bullets.
You now have 110 gold pieces (gained 16).
An ogre comes into view. It is wielding a +0 giant club.
Found a stone staircase leading down.
The ogre shouts!
The ogre hits you with a +0 giant club!!
Ouch! That really hurt!
The ogre hits you with a +0 giant club!!
You die...

#...#####..#
######...# ##..
.........########
###########..(.......
#..<.# #...####...
..<...#
#....######.#.### .
o......
#..........>#...# ..
.......
#....O#########.###.#
....... #...@.# #.##
#.....# .......
#####....## ##..#
##..###
.......##))......#
##...## #..#
.......#..###....#
#..#..###..###
..#.....##
#....###.###..###...#
#......## #######..#
##.###.#..
#.....#..### #.##
#....)##.
.......##...## #.#
####.).#. #.....#
###..# ##.# ###..#.


You could see an ogre.

Vanquished Creatures
  Sigmund (D:2)
  Jessica (D:2)
  An adder (D:2)
  2 worms
  2 dart slugs (D:1)
  An orc (D:3)
  2 endoplasms (D:2)
  4 giant cockroaches
  4 hobgoblins
  4 jackals (D:1)
  3 quokkas (D:2)
  3 ball pythons
  A bat (D:1)
  7 goblins
  5 kobolds
  3 rats
44 creatures vanquished.

Notes
Turn   | Place    | Note
-------+----------+-------------------------------------------
     0 | D:1      | SnakkuSnakku7 the Vampire Hunter began the quest for the
                  | Orb.
     0 | D:1      | Reached XP level 1. HP: 16/16 MP: 1/1
    76 | D:1      | Reached XP level 2. HP: 22/22 MP: 2/2
   416 | D:1      | Reached skill level 4 in Crossbows
   877 | D:2      | Gained mutation: You are afflicted with vampirism and can
                  | become a bat while bloodless. [Vampire growth]
   877 | D:2      | Reached XP level 3. HP: 26/27 MP: 3/3
   917 | D:2      | Noticed Sigmund
   952 | D:2      | Killed Sigmund
   953 | D:2      | Reached skill level 5 in Crossbows
   953 | D:2      | Reached XP level 4. HP: 33/33 MP: 4/4
   953 | D:2      | Reached XP level 5. HP: 38/38 MP: 5/5
  1174 | D:2      | Found an ornate altar of the Wu Jian Council.
  1422 | D:2      | Found a faded altar of an unknown god.
  1591 | D:2      | Noticed Jessica
  1597 | D:2      | Killed Jessica
  1789 | D:3      | Noticed an ogre
  1811 | D:3      | Slain by an ogre

Illustrated notes

Levels and vault maps discovered:
D:1:      roderic_chinese_lattice_arrival, layout_basic
D:2:      layout_basic, shapermc_ecumenical_altar_ellora, basic_altar,
          uniq_jessica, uniq_sigmund
D:3:      layout_rooms, hangedman_decor_opposing, patterned_corridor,
          uniq_crazy_yiuf_cottage

Skill      XL: |  1  2  3 |
---------------+----------+-----
Crossbows      | 4 5 |  5.9
Fighting       | |  1.7
Dodging        | |  2.1
Stealth        | |  1.5

Action                   |  1- 3 |  4- 6 || total
-------------------------+-------+-------++-------
Melee: Short sword       |    52 |    52 ||   104
       Bite              |     5 |     6 ||    11
 Fire: Hand crossbow     |    13 |       ||    13
Armor: Leather armour    |    10 |       ||    10
       Ring mail         |     9 |       ||     9
       Robe              |       |    18 ||    18
Dodge: Dodged            |    40 |    26 ||    66
